 Dungeon Crawl Stone Soup version 0.25.0-10-g039870ee82 (webtiles) character file.

Game seed: 484470177940708845

(classic levelgen) 6823 EnegeticOcto the Cleaver (level 10, -1/94 HPs)
             Began as a Deep Dwarf Fighter on June 23, 2020.
             Was a Believer of Makhleb.
             Slain by a yak (8 damage)
             ... on level 9 of the Dungeon.
             The game lasted 00:03:42 (5112 turns).

EnegeticOcto the Cleaver (Deep Dwarf Fighter)       Turns: 5112, Time: 00:03:42

Health: -1/94      AC: 17    Str: 23    XL:     10   Next: 77%
Magic:  5/5        EV:  8    Int:  9    God:    Makhleb [**....]
Gold:   525        SH: 11    Dex: 12    Spells: 9/9 levels left

rFire    + . .     SeeInvis .   a - +0 war axe
rCold    . . .     Gourm    .   c - +0 kite shield
rNeg     . . .     Faith    .   o - +1 plate armour
rPois    .         Spirit   .   (no helmet)
rElec    .         Reflect  .   m - scarf {harm}
rCorr    .         Harm     .   (no gloves)
MR       +....                  s - +2 pair of boots
Stlth    ..........             (no amulet)
HPRegen  0.00/turn              r - ring of protection from fire
MPRegen  0.09/turn              (no ring)

@: non-regenerating
A: damage resistance, heal wounds, sense surroundings 2, no regeneration
a: Heal Wounds, Minor Destruction, Renounce Religion


You were on level 9 of the Dungeon.
You worshipped Makhleb.
Makhleb was pleased with you.
You were hungry.

You visited 1 branch of the dungeon, and saw 9 of its levels.

You collected 525 gold pieces.

Inventory:

Hand Weapons
 a - a +0 war axe (weapon)
 g - a +0 scimitar of flaming
Armour
 c - a +0 kite shield (worn)
 m - a scarf of harm (worn)
 o - a +1 plate armour (worn)
 s - a +2 pair of boots (worn)
Jewellery
 r - a ring of protection from fire (left hand)
Wands
 l - a wand of paralysis (6)
 v - a wand of digging (3) {@v3}
 x - a wand of flame (19) {@v4}
Scrolls
 b - 2 scrolls of teleportation {@r3}
 h - a scroll of remove curse {@r2}
 i - 2 scrolls of magic mapping {@r5}
 n - a scroll of enchant armour
 t - a scroll of blinking {@r4}
 u - 4 scrolls of fog
 w - a scroll of identify {@r1}
 y - a scroll of holy word {unknown}
Potions
 d - 5 potions of heal wounds {@q2}
 f - 2 potions of curing {@q1}
 j - a potion of stabbing {@q5}
 k - a potion of might {@q3}
 p - a potion of flight
 q - 2 potions of haste {@q4}
Comestibles
 e - 11 rations
 z - 8 chunks of flesh


   Skills:
 + Level 7.0 Fighting
 * Level 9.6 Axes
 + Level 7.2 Armour
 + Level 6.3 Dodging
 + Level 7.2 Shields
 * Level 9.0 Invocations


You had 9 spell levels left.
You didn't know any spells.
Your spell library contained the following spells:

 Spells                   Type           Power        Failure   Level  Hunger
 Animate Skeleton         Necr           N/A          100%        1    ##.....
 Pain                     Necr           #...         100%        1    ##.....
 Vampiric Draining        Necr           #.........   100%        3    ####...
 Animate Dead             Necr           N/A          100%        4    #####..
 Agony                    Necr           #.......     100%        5    ######.


Dungeon Overview and Level Annotations

Branches:
Dungeon (9/15)             Temple (0/1) D:6
   Lair: D:8-11         Orc: D:9-12

Altars:
Ashenzari
Cheibriados
Dithmenos
Fedhas
Kikubaaqudgha
Makhleb
Nemelex Xobeh
Okawaru
Ru
Trog
Vehumet

Annotations:
D:9 exclusion: statue


Innate Abilities, Weirdness & Mutations

You are resistant to damage.
You can heal yourself by infusing magical energy.
You passively map the area around you.
You do not regenerate.


Message History

The leopard gecko bites you but does no damage.
You slice the leopard gecko!!
You kill the leopard gecko!
Makhleb accepts your kill.
No target in view!
No target in view!
No target in view!
No target in view!
No target in view!
No target in view!
No target in view!
No target in view!
No target in view!
No target in view!
No target in view!
A yak comes into view.
The yak bellows!
You hear a bellow! x2
A yak is nearby!
A yak is nearby!
A yak is nearby!
A yak is nearby!
A yak comes into view.
A yak comes into view.
The yak bellows!
A yak comes into view.
The yak bellows!
You barely miss the yak. You hit the yak but do no damage.
You block the yak's attack.
A yak comes into view.
The yak gores you but does no damage. The yak barely misses you.
You barely miss the yak. You closely miss the yak.
You block the yak's attack. x2
A yak comes into view.
The yak bellows!
You slash the yak!
The yak is lightly wounded.
You hit the yak. The yak gores you but does no damage.
You block the yak's attack.
You slash the yak!
The yak is moderately wounded.
You hit the yak. The yak gores you but does no damage.
You slash the yak!
The yak is severely wounded.
You hit the yak. The yak closely misses you. The yak gores you.
You hit the yak.
The yak is severely wounded.
You slash the yak! The yak barely misses you. The yak gores you.
You hit the yak.
The yak is almost dead.
You hit the yak. The yak barely misses you. You block the yak's attack.
You slash the yak!
The yak is almost dead.
Your plate armour prevents you from hitting the yak.
The yak gores you! x2
* * * LOW HITPOINT WARNING * * *
You are too injured to fight recklessly!
You are too injured to fight recklessly!
You are too injured to fight recklessly!
You are too injured to fight recklessly!
You are too injured to fight recklessly!
You are too injured to fight recklessly!
You are too injured to fight recklessly!
You are too injured to fight recklessly!
You are too injured to fight recklessly!
You are too injured to fight recklessly!
You are too injured to fight recklessly!
You are too injured to fight recklessly!
You are too injured to fight recklessly!
You are too injured to fight recklessly!
You are too injured to fight recklessly!
You are too injured to fight recklessly!
You are too injured to fight recklessly!
You are too injured to fight recklessly!
You are too injured to fight recklessly!
You are too injured to fight recklessly!
You closely miss the yak.
The yak is moderately wounded.
You hit the yak but do no damage. The yak completely misses you.
The yak gores you.
* * * LOW HITPOINT WARNING * * *
You are feeling hungry.
You closely miss the yak.
The yak is moderately wounded.
You hit the yak. The yak gores you but does no damage.
You block the yak's attack.
You slash the yak!
The yak is severely wounded.
You hit the yak.
You kill the yak!
Makhleb accepts your kill. You block the yak's attack.
Your plate armour prevents you from hitting the yak.
The yak is severely wounded.
The yak closely misses you. The yak gores you!
* * * LOW HITPOINT WARNING * * *
You hit the yak but do no damage.
The yak is lightly wounded.
You hit the yak. The yak gores you!
* * * LOW HITPOINT WARNING * * *
The yak completely misses you. The yak gores you!
You die...

, * ,
####.###
, , ,
,#.# #.#
* ,#.#
#.# **
,#.# #.#
* #Y# #.#
#.#Y# #.#
###.#Y#
#.#
##...#Y#
####.##
**
##..#.#@#
#.....#
.....$Y.#
#.##.## ,
###.....#
#÷#### ,
.≈...#..#
#.# * ,
...#..#.#
#.# * P.
##.#.#
#.##### .
..#.#
#.....# *
* ,
,P.≈#.#
#####.# ,
,,,P..
#.#######
#.#


You could see 5 yaks.

Vanquished Creatures
  Erica (D:8)
  4 slime creatures (D:9)
  3 hippogriffs
  5 yaks
  2 wyverns
  Eustachio (D:4)
  Grum (D:8)
  2 steam dragons (D:8)
  Menkaure (D:7)
  A water moccasin (D:7)
  3 orc warriors (D:6)
  6 sky beasts
  4 wolves (D:7)
  2 centaurs
  5 ogres
  A phantom (D:8)
  A big kobold (D:7)
  A bullfrog (D:7)
  A wyvern zombie (D:8)
  4 killer bees (D:6)
  4 wights (D:8)
  A howler monkey (D:5)
  4 crimson imps
  4 hounds
  2 orc priests
  3 centaur skeletons
  An iguana (D:5)
  4 worker ants
  5 orc wizards
  5 adders
  2 shadow imps (D:7)
  An ooze (D:7)
  3 worms
  An adder skeleton (D:7)
  A dart slug (D:1)
  4 leopard geckos
  37 orcs
  4 giant cockroaches
  4 goblins
  5 hobgoblins
  6 jackals
  A quokka (D:6)
  2 bats (D:1)
  7 frilled lizards
  9 kobolds
  A leopard gecko skeleton (D:6)
  A leopard gecko zombie (D:8)
  A rat (D:1)
172 creatures vanquished.

Vanquished Creatures (others)
  A quokka skeleton (D:8)
  3 fungi (D:9)
4 creatures vanquished.

Grand Total: 176 creatures vanquished

Notes
Turn   | Place    | Note
-------+----------+-------------------------------------------
     0 | D:1      | EnegeticOcto the Deep Dwarf Fighter began the quest for the
                  | Orb.
     0 | D:1      | Reached XP level 1. HP: 20/20 MP: 1/1
   213 | D:1      | Reached XP level 2. HP: 25/27 MP: 2/2
   469 | D:2      | Found a blossoming altar of Fedhas.
   530 | D:2      | Reached XP level 3. HP: 27/34 MP: 3/3
   566 | D:3      | Reached skill level 1 in Dodging
   569 | D:3      | Reached XP level 4. HP: 28/42 MP: 4/4
   658 | D:3      | Found a bloodstained altar of Trog.
   770 | D:4      | Noticed Eustachio
   916 | D:4      | Killed Eustachio
   916 | D:4      | Reached XP level 5. HP: 23/50 MP: 5/5
   965 | D:4      | Reached XP level 6. HP: 41/57 MP: 6/6
  1058 | D:4      | Found an ancient bone altar of Kikubaaqudgha.
  1646 | D:5      | Entered Level 5 of the Dungeon
  1730 | D:5      | Noticed a sky beast
  1750 | D:5      | Killed a sky beast
  1751 | D:5      | Found an iron altar of Okawaru.
  1983 | D:5      | Reached XP level 7. HP: 43/66 MP: 7/7
  2025 | D:5      | Reached skill level 5 in Axes
  2550 | D:6      | Reached skill level 5 in Fighting
  2580 | D:6      | Found a shattered altar of Ashenzari.
  2616 | D:6      | Found a burning altar of Makhleb.
  2628 | D:6      | Became a worshipper of Makhleb the Destroyer
  2679 | D:6      | Reached skill level 5 in Armour
  2742 | D:6      | Reached skill level 5 in Shields
  2742 | D:6      | Reached skill level 1 in Invocations
  2742 | D:6      | Reached XP level 8. HP: 68/74 MP: 7/7
  2889 | D:6      | Found a sacrificial altar of Ru.
  2890 | D:6      | Found a snail-covered altar of Cheibriados.
  2912 | D:6      | Found a staircase to the Ecumenical Temple.
  3004 | D:6      | Found a shadowy altar of Dithmenos.
  3414 | D:7      | Reached * piety under Makhleb
  3440 | D:7      | Noticed a hippogriff
  3447 | D:7      | Noticed Menkaure
  3462 | D:7      | Killed a hippogriff
  3462 | D:7      | Killed Menkaure
  3528 | D:7      | Gained mutation: You passively map the area around you.
                  | [Deep Dwarf growth]
  3528 | D:7      | Reached XP level 9. HP: 54/82 MP: 8/8
  3610 | D:7      | Reached skill level 5 in Invocations
  4191 | D:8      | Noticed Grum
  4217 | D:7      | Reached ** piety under Makhleb
  4217 | D:7      | Reached skill level 5 in Dodging
  4263 | D:8      | Killed Grum
  4373 | D:8      | Reached XP level 10. HP: 63/92 MP: 7/7
  4507 | D:8      | Noticed Erica
  4567 | D:8      | Killed Erica
  4608 | D:8      | Found a sparkling altar of Nemelex Xobeh.
  5006 | D:9      | Found a radiant altar of Vehumet.
  5112 | D:9      | Slain by a yak

Illustrated notes

Levels and vault maps discovered:
D:1:      giann_horns, layout_basic
D:2:      layout_basic, old_standard_altar, fedhas_altar_3, first_ration
D:3:      layout_rooms, trog_book
D:4:      layout_basic, kennysheep_mini_moat, minmay_misc_feat_rugged,
          uniq_eustachio
D:5:      layout_basic, minmay_splitting_lines, okawaru_gym_becter
D:6:      layout_loops_ring, ashenzari_conservatory_becter,
          makhleb_grotto_becter, lemuel_crystal_altar,
          grunt_temple_overflow_open, minmay_temple_entry_statues_fountains,
          grunt_decor_arrowhead
D:7:      layout_loops_ring, uniq_menkaure
D:8:      layout_rooms, nemelex_altar_shiori, uniq_erica, uniq_grum
D:9:      layout_loops_ring, vehumet_statue, dpeg_oklobed_lair, serial_shops,
          nicolae_shop_waterfront

Skill      XL: |  1  2  3  4  5  6  7  8  9 10 |
---------------+-------------------------------+-----
Fighting       | 3 4 5 6 7 |  7.0
Dodging        | 1 2 3 4 5 6 |  6.3
Axes           | 3 4 5 7 8 9 |  9.6
Armour         | 4 5 6 7 |  7.2
Shields        | 4 5 6 7 |  7.2
Invocations    | 1 4 7 9 |  9.0

Action                   |  1- 3 |  4- 6 |  7- 9 | 10-12 || total
-------------------------+-------+-------+-------+-------++-------
Melee: War axe           |    87 |   157 |   465 |   217 ||   926
 Abil: Heal Wounds       |       |     5 |    25 |    11 ||    41
  Use: Scroll            |       |     7 |       |     5 ||    12
  Eat: Chunk             |       |     3 |     6 |     3 ||    12
       Ration            |       |       |     1 |       ||     1
Armor: Scale mail        |    50 |    59 |       |       ||   109
       Plate armour      |       |     4 |   396 |   114 ||   514
Dodge: Dodged            |    32 |    68 |   208 |    66 ||   374
Block: Kite shield       |    46 |   104 |   359 |   124 ||   633
